 Dungeon Crawl Stone Soup version 0.23-a0-636-g0ff6057 (webtiles) character file.

267 Leeroy the Slasher (level 6, -2/48 HPs)
             Began as a Draconian Skald on Dec 28, 2018.
             Slain by a gnoll
             ... wielding a +0 spear
              (5 damage)
             ... on level 4 of the Dungeon.
             The game lasted 00:08:46 (3172 turns).

Leeroy the Slasher (Draconian Skald)                Turns: 3172, Time: 00:08:47

Health: -2/48      AC:  6    Str: 13    XL:     6   Next: 0%
Magic:  7/9        EV: 12    Int: 16    God:
Gold:   155        SH:  0    Dex: 10    Spells: 2/9 levels left

rFire    . . .     SeeInvis .   a - +0 falchion
rCold    . . .     Gourm    .   (no shield)
rNeg     . . .     Faith    .   (armour unavailable)
rPois    .         Spirit   .   (helmet restricted)
rElec    .         Reflect  .   (no cloak)
rCorr    .         Harm     .   (no gloves)
MR       .....                  (no boots)
Stlth    +.........             (no amulet)
HPRegen  0.16/turn              (no ring)
MPRegen  0.11/turn              (no ring)

@: very slightly contaminated
A: unfitting armour, cold-blooded, AC +6
a: no special abilities


You were on level 4 of the Dungeon.
You were not hungry.

You visited 1 branch of the dungeon, and saw 4 of its levels.

You collected 155 gold pieces.

Inventory:

Hand Weapons
 a - a +0 falchion (weapon)
 f - a +1 spear of venom
 g - a +0 hand axe
 l - a +0 dagger
 p - a +0 short sword
 s - a +0 glaive
 y - a cursed +0 whip
Missiles
 e - 32 arrows
 h - 12 poisoned needles
 m - 124 stones (quivered)
Jewellery
 b - an uncursed ring of protection from cold {unknown}
 n - an uncursed ring of stealth {unknown}
 u - a cursed ring of teleportation {unknown}
Scrolls
 i - 2 scrolls of noise {unknown}
 j - 2 scrolls of teleportation {unknown}
 o - 2 scrolls of magic mapping {unknown}
 r - 3 scrolls of remove curse {unknown}
 t - a scroll of immolation {unknown}
 v - a scroll of fear {unknown}
 x - 3 scrolls of identify {unknown}
 A - a scroll of enchant armour {unknown}
Potions
 d - a potion of mutation {unknown}
 k - a potion of curing
 q - a potion of flight {unknown}
 w - a potion of haste
Comestibles
 c - 8 rations


   Skills:
 - Level 2.1 Fighting
 + Level 5.6 Long Blades
 + Level 2.7 Dodging
 - Level 2.0 Spellcasting
 * Level 1.5 Hexes
 - Level 2.6 Charms


You had 2 spell levels left.
You knew the following spells:

 Your Spells              Type           Power        Failure   Level  Hunger
a - Infusion              Chrm           ##..         7%          1    #......
b - Spectral Weapon       Hex/Chrm       #.......     26%         3    ###....
c - Regeneration          Chrm/Necr      #.........   34%         3    ###....

Your spell library contained the following spells:

 Spells                   Type           Power        Failure   Level  Hunger
 Song of Slaying          Chrm           ##......     11%         2    ###....
 Shroud of Golubria       Chrm/Tloc      #.........   19%         2    ###....


Dungeon Overview and Level Annotations

Branches:
Dungeon (4/15)
 Temple: D:4-7

Altars:
Ashenzari
Cheibriados
Elyvilon
Kikubaaqudgha
Okawaru
Qazlal
Trog
Uskayaw

Annotations:
D:3 1 runed door


Innate Abilities, Weirdness & Mutations

Your plain brown scales are hard. (AC +6)
You cannot fit into any form of body armour.
You are cold-blooded and may be slowed by cold attacks.


Message History

You hit the gnoll.
The gnoll is heavily wounded.
The gnoll hits you with a +0 spear. The gnoll barely misses you.
You hit the gnoll but do no damage.
The gnoll is heavily wounded.
The gnoll hits you with a +0 spear.
You barely miss the gnoll.
The gnoll is heavily wounded.
The gnoll hits you with a +0 spear. x2
You hit the gnoll.
The gnoll is severely wounded.
The gnoll hits you with a +0 spear.
* * * LOW HITPOINT WARNING * * *
All of the chunks of flesh in your inventory have rotted away.
You hit the gnoll.
The gnoll is almost dead.
The gnoll hits you with a +0 spear!
* * * LOW HITPOINT WARNING * * *
The gnoll hits you with a +0 spear.
You die...

#.######..#.# #.#
#..#.# #.# #..#.#
#.# #..#.####.#
#.######<........#
#......#.#########
######.#.########
#..<#....._#
#...'.@g...#
#.#.#....._#
#.#.######## #...#
#...> #.... #.....
##....


You could see a gnoll (berserk).

Vanquished Creatures
  An ogre (D:4)
  An orc wizard (D:3)
  Jessica (D:3)
  4 adders (D:2)
  An ooze (D:1)
  2 worms (D:3)
  A dart slug (D:3)
  3 leopard geckos
  6 orcs (D:3)
  9 bats
  6 giant cockroaches
  9 goblins
  7 hobgoblins
  3 jackals (D:2)
  6 frilled lizards
  5 kobolds
  5 rats
70 creatures vanquished.

Vanquished Creatures (others)
  A spectral weapon (D:3)
1 creature vanquished.

Grand Total: 71 creatures vanquished

Notes
Turn   | Place    | Note
-------+----------+-------------------------------------------
     0 | D:1      | Leeroy the Draconian Skald began the quest for the Orb.
     0 | D:1      | Reached XP level 1. HP: 17/17 MP: 3/3
   348 | D:1      | Reached XP level 2. HP: 24/24 MP: 5/5
   444 | D:1      | Reached skill level 3 in Long Blades
   968 | D:2      | Reached XP level 3. HP: 25/29 MP: 6/6
   977 | D:2      | Learned a level 3 spell: Spectral Weapon
  1280 | D:2      | Found a white marble altar of Elyvilon.
  1294 | D:2      | Reached skill level 4 in Long Blades
  1445 | D:2      | Found a shattered altar of Ashenzari.
  1470 | D:2      | Found a stormy altar of Qazlal.
  1559 | D:2      | Reached XP level 4. HP: 20/36 MP: 7/7
  1889 | D:2      | Learned a level 3 spell: Regeneration
  2091 | D:3      | Found a snail-covered altar of Cheibriados.
  2247 | D:3      | HP: 1/36 [orc/+0 hand axe (5)]
  2262 | D:3      | Found an ancient bone altar of Kikubaaqudgha.
  2276 | D:3      | Reached XP level 5. HP: 9/41 MP: 8/8
  2569 | D:3      | Found a hide-covered altar of Uskayaw.
  2659 | D:3      | Reached skill level 5 in Long Blades
  2689 | D:3      | Reached skill level 1 in Hexes
  2778 | D:3      | Found a runed door.
  2841 | D:3      | Found a shattered altar of Ashenzari.
  2929 | D:3      | Noticed Jessica
  2938 | D:3      | Killed Jessica
  3117 | D:4      | Noticed an ogre
  3123 | D:4      | Killed an ogre
  3123 | D:4      | Reached XP level 6. HP: 31/48 MP: 5/9
  3159 | D:4      | Found an iron altar of Okawaru.
  3159 | D:4      | Found a bloodstained altar of Trog.
  3172 | D:4      | Slain by a gnoll

Vault maps used:
D:1:      kennysheep_arrival_seaside, minmay_unequal
D:2:      old_standard_altar, lemuel_round_altar, elyvilon_altar_5,
          first_ration, kennysheep_generic_room_10
D:3:      kiku_gazebo_garden_becter, lemuel_doored_altar,
          eat_drink_and_be_merry_uskayaw, minmay_misc_feat_encased,
          evilmike_ruin_ashenzari, uniq_crazy_yiuf_cottage, uniq_jessica
D:4:      grunt_temple_overflow_bloody_war, nicolae_dithmenos_shadow_blocks,
          serial_shops, kennysheep_mini_moat, uniq_grinder

Skill      XL: |  1  2  3  4  5 |
---------------+----------------+-----
Long Blades    | 3 4 5 |  5.6
Hexes          | 1 |  1.5
Fighting       | |  2.1
Dodging        | |  2.7
Spellcasting   | |  2.0
Charms         | |  2.6

Action                   |  1- 3 |  4- 6 || total
-------------------------+-------+-------++-------
Melee: Falchion          |   101 |   149 ||   250
       Tailslap          |    11 |    16 ||    27
Throw: Stone             |       |     5 ||     5
 Cast: Spectral Weapon   |     1 |     4 ||     5
  Use: Potion            |       |     1 ||     1
  Eat: Chunk             |     2 |     7 ||     9
Armor: Skin              |    44 |    35 ||    79
Dodge: Dodged            |   109 |    83 ||   192
       Rpst.: Falchion   |    45 |    21 ||    66

Table legend:
 A = Non-vault XP
 B = Vault XP
 C = Vault XP percentage of total XP
 D = Non-vault monster count
 E = Vault monster count
 F = Vault count percentage of total count
                 A         B        C        D         E       F
            +---------+---------+-------+---------+---------+-------
      Total |     320 |      62 |  16.2 |      64 |       6 |   8.6
            +---------+---------+-------+---------+---------+-------
        D:1 |      26 |      11 |  29.7 |      18 |       3 |  14.3
        D:2 |      64 |      14 |  17.9 |      17 |       2 |  10.5
        D:3 |     105 |      37 |  26.1 |      28 |       1 |   3.4
        D:4 |     125 |       0 |   0.0 |       1 |       0 |   0.0
            +---------+---------+-------+---------+---------+-------
